 Dungeon Crawl Stone Soup version 0.27-a0-1202-ge72e49191c (webtiles) character file.

Game seed: 13543217170606549032

6967 Delamore the Spear-Bearer (level 11, 0/79 HPs)
             Began as a Formicid Fighter on June 4, 2021.
             Was a High Priest of Cheibriados.
             Slain by a komodo dragon (23 damage)
             ... on level 1 of the Lair of Beasts.
             The game lasted 00:12:50 (10024 turns).

Delamore the Spear-Bearer (Formicid Fighter)       Turns: 10024, Time: 00:12:50

Health: 0/79       AC: 16    Str: 37    XL:     11   Next: 28%
Magic:  9/14       EV:  8    Int: 23    God:    Cheibriados [*****.]
Gold:   165        SH: 14    Dex: 27    Spells: 7/10 levels left

rFire    . . .     SeeInvis +   a - +1 trident
rCold    + . .     Faith    .   c - +1 kite shield
rNeg     . . .     Spirit   .   w - +1 scale mail {Will+}
rPois    .         Reflect  .   (helmet unavailable)
rElec    .         Harm     .   t - +0 cloak {Stlth+}
rCorr    .         Rampage  .   C - +0 pair of fencer's gloves {Riposte Dex+3}
Will     ++...                  f - +1 pair of boots
Stlth    ++........             G - amulet of regeneration
HPRegen  1.23/turn              F - ring of protection from cold
MPRegen  0.14/turn              v - +4 ring of protection

@: very slow
A: permanent stasis, dig shafts and tunnels, antennae 3, four strong arms
a: Dig, Shaft Self, Renounce Religion, Bend Time, Temporal Distortion, Slouch,
Step From Time


You were on level 1 of the Lair of Beasts.
You worshipped Cheibriados.
Cheibriados was extremely pleased with you.
You visited 2 branches of the dungeon, and saw 10 of its levels.

You collected 419 gold pieces.
You spent 254 gold pieces at shops.

Inventory:

Hand Weapons
 a - a +1 trident (weapon)
Missiles
 l - 14 poisoned darts (quivered)
 y - 6 boomerangs
 z - a curare-tipped dart
Armour
 c - a +1 kite shield (worn)
 f - a +1 pair of boots (worn)
 t - a +0 cloak of stealth (worn)
 w - a +1 scale mail of willpower (worn)
 C - the +0 pair of fencer's gloves (worn) {Riposte Dex+3}
   (You found it on level 7 of the Dungeon)

   It affects your dexterity (+3).
Jewellery
 o - a +6 ring of strength
 v - a +4 ring of protection (right hand)
 F - a ring of protection from cold (left hand)
 G - an amulet of regeneration (around neck)
Wands
 k - a wand of flame (29)
 q - a wand of mindburst (18)
 u - a wand of paralysis (5)
 B - a wand of iceblast (3)
Scrolls
 r - 5 scrolls of amnesia
 s - a scroll of blinking
 D - a scroll of fog
 E - a scroll of noise
 H - 4 scrolls of enchant weapon
Potions
 d - 4 potions of might
 e - 3 potions of lignification
 g - a potion of brilliance
 h - 2 potions of heal wounds
 i - 2 potions of flight
 j - 2 potions of resistance
 m - 3 potions of attraction
 n - 2 potions of mutation
 p - a potion of ambrosia


   Skills:
 - Level 5.0 Fighting
 * Level 13.8 Polearms
 + Level 6.2 Throwing
 - Level 3.2 Armour
 - Level 3.6 Shields
 + Level 5.2 Invocations


You had 7 spell levels left.
You knew the following spells:

 Your Spells              Type           Power      Damage    Failure   Level
a - Ozocubu's Armour      Ice            0%         N/A       95%         3

Your spell library contained the following spells:

 Spells                   Type           Power      Damage    Failure   Level
 Freeze                   Ice            0%         1d3       65%         1
 Sandblast                Erth           0%         2d4       65%         1
 Passwall                 Tmut/Erth      0%         N/A       80%         2
 Frozen Ramparts          Ice            0%         1d2       95%         3
 Stone Arrow              Conj/Erth      0%         3d7       95%         3
 Hailstorm                Conj/Ice       0%         3d3       100%        4
 Petrify                  Tmut/Erth      0%         N/A       100%        4
 Lee's Rapid Deconstruct  Erth           0%         3d5*      100%        5
 Metabolic Englaciation   Hex/Ice        0%         N/A       100%        5


Dungeon Overview and Level Annotations

Branches:
Dungeon (9/15)             Temple (0/1) D:7            Lair (1/6) D:9
    Orc: D:9-12

Altars:
Cheibriados
Gozag
Okawaru
Ru
Vehumet

Shops:
D:3 :   D:8 ?:*[=   D:9 *

Annotations:
D:4 exclusion: statue
D:5 1 runed translucent door


Innate Abilities, Weirdness & Mutations

You cannot be hasted, slowed, berserked, paralysed or teleported.
You can dig through walls and to a lower floor.
You have a pair of large antennae on your head. (SInv)
Your four strong arms can wield two-handed weapons with a shield.


Message History

The poisoned dart completely misses the cane toad.
The komodo dragon hisses angrily.
You throw a poisoned dart. The poisoned dart hits the cane toad.
You throw a poisoned dart. The poisoned dart hits the cane toad.
You throw a poisoned dart. The poisoned dart hits the cane toad!
You throw a poisoned dart. The poisoned dart hits the cane toad.
You hit the cane toad but do no damage. The cane toad stings you!
You barely miss the komodo dragon. You block the cane toad's attack.
You hit the komodo dragon but do no damage.
You block the cane toad's attack. The komodo dragon bites you!
You hit the komodo dragon.
The komodo dragon is lightly wounded.
The cane toad stings you but does no damage.
The komodo dragon bites you but does no damage.
You hit the komodo dragon.
The komodo dragon is lightly wounded.
The cane toad barely misses you.
You riposte.
You impale the cane toad!!
The cane toad is heavily wounded.
You block the komodo dragon's attack.
You barely miss the cane toad.
The cane toad is heavily wounded.
The cane toad stings you! The komodo dragon bites you!!
* * * LOW HITPOINT WARNING * * *
You are too injured to fight recklessly!
You are too injured to fight recklessly!
You are too injured to fight recklessly!
You are too injured to fight recklessly!
You are too injured to fight recklessly!
You are too injured to fight recklessly!
You are too injured to fight recklessly!
You are too injured to fight recklessly!
You are too injured to fight recklessly!
You are too injured to fight recklessly!
You are too injured to fight recklessly!
You are too injured to fight recklessly!
You can feel time thicken for a moment.
You kill the cane toad!
Cheibriados thoroughly appreciates the change of pace.
The komodo dragon bites you!!
You die...

#
#.......###P..#.........
.......## ##...#........
.###..## #..P.........
.## ##............
#...#......$..
#######............
#..................
#....#..P........... ...
####.@....(.... #
#.l..........
#...(.........
.....(.(.......
..###..(......... #
#....(.......
#...(........
...((......


You could see a komodo dragon.

Vanquished Creatures
  A hydra (Lair:1)
  A two-headed ogre (D:9)
  The ghost of zzzzzzzz the Ducker, a novice DjWz of Fedhas (D:5)
  2 cane toads (Lair:1)
  A gargoyle (D:9)
  2 komodo dragons
  8 yaks
  A wyvern (D:9)
  3 water moccasins
  A black bear (D:4)
  4 ogres
  A centaur (D:7)
  A kobold brigand (D:6)
  Blork the orc (D:4)
  4 bullfrogs
  A wyvern zombie (D:6)
  5 killer bees (D:9)
  7 wights
  A centaur zombie (D:9)
  A jelly (D:5)
  4 hounds
  8 orc priests
  Crazy Yiuf (D:4)
  2 centaur skeletons (D:7)
  An iguana (D:6)
  11 orc wizards
  Robin (D:3)
  A howler monkey zombie (D:5)
  5 adders
  4 gnolls (D:6)
  A howler monkey skeleton (D:5)
  2 river rats (D:5)
  3 worms
  3 dart slugs
  36 orcs
  7 ball pythons
  7 endoplasms
  2 giant cockroaches
  17 goblins
  10 hobgoblins
  11 jackals
  12 kobolds
  A quokka (D:2)
  3 bats (D:1)
  4 frilled lizards
  4 rats
208 creatures vanquished.

Vanquished Creatures (others)
  A killer bee (D:9)
  An orc wizard (D:5)
  22 plants (D:9)
24 creatures vanquished.

Grand Total: 232 creatures vanquished

Notes
Turn   | Place    | Note
-------+----------+-------------------------------------------
     0 | D:1      | Delamore the Formicid Fighter began the quest for the Orb.
     0 | D:1      | Reached XP level 1. HP: 18/18 MP: 1/1
   171 | D:1      | Found a faded altar of an unknown god.
   258 | D:1      | Reached XP level 2. HP: 21/24 MP: 2/2
   264 | D:1      | Became a worshipper of Cheibriados the Contemplative
   264 | D:1      | Reached * piety under Cheibriados
   362 | D:1      | Reached skill level 3 in Polearms
   615 | D:1      | Reached XP level 3. HP: 29/29 MP: 3/3
   723 | D:1      | Reached ** piety under Cheibriados
  1311 | D:2      | Reached skill level 4 in Polearms
  1311 | D:2      | Reached XP level 4. HP: 32/35 MP: 4/4
  2137 | D:3      | Reached *** piety under Cheibriados
  2298 | D:3      | Noticed Robin
  2303 | D:3      | Killed Robin
  2304 | D:3      | Reached XP level 5. HP: 40/41 MP: 5/5
  2369 | D:3      | Reached skill level 5 in Polearms
  2707 | D:3      | Reached **** piety under Cheibriados
  3015 | D:3      | Found Ylipi's Book Shoppe.
  3247 | D:4      | Noticed an ogre
  3253 | D:4      | Killed an ogre
  3254 | D:4      | Reached skill level 6 in Polearms
  3254 | D:4      | Reached XP level 6. HP: 36/47 MP: 6/6
  3449 | D:4      | Noticed Blork the orc
  3456 | D:4      | Killed Blork the orc
  3516 | D:4      | Found a runed translucent door.
  3517 | D:4      | Noticed Crazy Yiuf
  3545 | D:4      | Found a radiant altar of Vehumet.
  3645 | D:4      | Noticed a black bear
  3652 | D:4      | Killed a black bear
  3653 | D:4      | Reached skill level 7 in Polearms
  3653 | D:4      | Reached XP level 7. HP: 49/52 MP: 7/7
  3935 | D:4      | Killed Crazy Yiuf
  4198 | D:5      | Entered Level 5 of the Dungeon
  4383 | D:5      | Reached skill level 8 in Polearms
  4684 | D:5      | Reached XP level 8. HP: 58/58 MP: 8/8
  4850 | D:5      | Found a runed translucent door.
  4853 | D:5      | Noticed zzzzzzzz's ghost (novice DjWz)
  5046 | D:5      | Reached skill level 9 in Polearms
  5056 | D:5      | Found a runed translucent door.
  5103 | D:5      | Killed zzzzzzzz's ghost
  5104 | D:5      | Reached skill level 10 in Polearms
  5402 | D:5      | Found a sacrificial altar of Ru.
  5669 | D:6      | Reached XP level 9. HP: 40/63 MP: 9/9
  5986 | D:6      | Reached skill level 11 in Polearms
  6003 | D:6      | Found an opulent altar of Gozag.
  6199 | D:6      | Reached ***** piety under Cheibriados
  6302 | D:6      | Reached skill level 1 in Throwing
  6708 | D:7      | Found a staircase to the Ecumenical Temple.
  7264 | D:7      | Found the +0 pair of fencer's gloves {Riposte Dex+3}
  7442 | D:8      | Learned a level 3 spell: Ozocubu's Armour
  7532 | D:8      | Found Gasot's Magic Scroll Emporium.
  7540 | D:8      | Bought a scroll of identify for 28 gold pieces
  7540 | D:8      | Bought a scroll of fog for 28 gold pieces
  7540 | D:8      | Bought a scroll of identify for 28 gold pieces
  7540 | D:8      | Bought a scroll of noise for 14 gold pieces
  7622 | D:8      | Found Ennengemp's Book Shop.
  7639 | D:8      | Found Jyli's Assorted Antiques.
  7648 | D:8      | Bought a scroll labelled SOFROOZYPNOR for 26 gold pieces
  7648 | D:8      | Bought a potion of heal wounds for 130 gold pieces
  7701 | D:8      | Found Olaimet's Jewellery Boutique.
  7768 | D:8      | Found Metuoti's Antique Armour Boutique.
  8220 | D:9      | Reached skill level 12 in Polearms
  8244 | D:8      | Reached XP level 10. HP: 37/73 MP: 10/10
  8253 | D:8      | Reached skill level 5 in Fighting
  8914 | D:9      | Reached skill level 1 in Invocations
  9036 | D:9      | Noticed a gargoyle
  9053 | D:9      | Killed a gargoyle
  9057 | D:9      | Found a snail-covered altar of Cheibriados.
  9057 | D:9      | Found an iron altar of Okawaru.
  9193 | D:9      | Noticed a two-headed ogre
  9204 | D:9      | Killed a two-headed ogre
  9205 | D:9      | Reached skill level 13 in Polearms
  9205 | D:9      | Reached skill level 5 in Throwing
  9417 | D:9      | Noticed a komodo dragon
  9428 | D:9      | Killed a komodo dragon
  9437 | D:9      | Reached ****** piety under Cheibriados
  9441 | D:9      | Reached XP level 11. HP: 79/79 MP: 13/13
  9471 | D:9      | Found a staircase to the Lair.
  9536 | D:9      | Found Miatz's General Store.
  9713 | Lair:1   | Entered Level 1 of the Lair of Beasts
  9822 | Lair:1   | Noticed a six-headed hydra
  9837 | Lair:1   | Killed a six-headed hydra
  9970 | Lair:1   | Reached skill level 5 in Invocations
 10024 | Lair:1   | Slain by a komodo dragon

Illustrated notes

Levels and vault maps discovered:
D:1:      dpeg_arrival_oval, layout_loops_ring,
          hellmonk_ecumenical_altar_blasted
D:2:      layout_loops_corners
D:3:      minmay_chambers_of_twos, layout_basic, serial_shops, shop, uniq_robin
D:4:      layout_rooms, vehumet_statue, minmay_hedge_maze,
          uniq_crazy_yiuf_cottage, uniq_blork_the_orc
D:5:      layout_loops_ring, nicolae_ru_path_of_blood, ebering_ghost_sewer_f
D:6:      layout_cave_pools, nicolae_gozag_cash_rules_everything_around_me,
          serial_column_ruins, column_ruins_open_tiny,
          column_ruins_open_medium_water, column_ruins_open_tiny_water,
          column_ruins_open_medium, column_ruins_columns_corner,
          roderic_serpentine_path
D:7:      layout_gridville, minmay_temple_entry_wispy
D:8:      layout_basic, serial_shops, shop, nicolae_shop_statue_plus, shop,
          shop, shop, hangedman_decor_opposing
D:9:      layout_roguey, grunt_temple_overflow_open, david_lair_shrubbed,
          serial_shops, shop, minmay_misc_feat_iff
Lair:1:   layout_layer_cave, minmay_lair_oklob_chamber, grunt_megastairs_4,
          serial_bayou_shore_b

Skill      XL: |  1  2  3  4  5  6  7  8  9 10 11 |
---------------+----------------------------------+-----
Polearms       | 3 4 6 7 8 10 12 13 | 13.8
Throwing       | 3 5 6 |  6.2
Fighting       | 4 5 |  5.0
Invocations    | 3 5 |  5.2
Armour         | |  3.2
Shields        | |  3.6

Action                   |  1- 3 |  4- 6 |  7- 9 | 10-12 || total
-------------------------+-------+-------+-------+-------++-------
Melee: Trident           |    96 |   138 |   328 |   152 ||   714
Throw: Dart              |       |     5 |    21 |    25 ||    51
Invok: Slouch            |       |       |     1 |     2 ||     3
 Abil: Dig               |       |     2 |       |       ||     2
Evoke: Wand              |       |     4 |       |     4 ||     8
  Use: Scroll            |       |     3 |     9 |     3 ||    15
       Potion            |       |       |     1 |     4 ||     5
 Stab: Sleeping          |       |       |     1 |       ||     1
       Invisible         |       |       |       |     5 ||     5
       Paralysed         |       |       |       |     3 ||     3
Armor: Scale mail        |    27 |    40 |   125 |    70 ||   262
Dodge: Dodged            |    16 |    20 |    76 |    48 ||   160
Block: Kite shield       |    40 |    60 |   190 |   117 ||   407
       Rpst.: Trident    |       |       |     4 |    19 ||    23

Table legend: (Time is in decaauts)
 A = Elapsed time spent in this place.
 B = Non-inter-level travel time spent in this place.
 C = Inter-level travel time spent in this place.
 D = Time resting spent in this place.
 E = Time spent auto-exploring this place.
 F = Levels seen in this place.
 G = Mean time per level.
                   A        B        C        D        E       F      G
               +--------+--------+--------+--------+--------+-----+--------+
         Total |  14397 |  14018 |    379 |   1502 |  10785 |  10 | 1439.7 |
       Dungeon |  13923 |  13544 |    379 |   1452 |  10451 |   9 | 1547.0 |
          Lair |    473 |    473 |      0 |     50 |    334 |   1 |  473.0 |
               +--------+--------+--------+--------+--------+-----+--------+

Top non-repeatable levels by time:
     D:5: 1976 daAuts
     D:8: 1963 daAuts
     D:9: 1607 daAuts
     D:3: 1533 daAuts
     D:4: 1529 daAuts
     D:6: 1493 daAuts
     D:2: 1449 daAuts
     D:1: 1367 daAuts
     D:7: 1003 daAuts
  Lair:1: 473 daAuts
